 Dungeon Crawl Stone Soup version 0.30-b1-2-g02819fbbbe (webtiles) character file.

Game seed: 3622687375146131401

239 redmage the Chiller (level 6, 0/45 HPs)
             Began as a Meteoran Ice Elementalist on July 24, 2023.
             Slain by Menkaure (16 damage)
             ... on level 5 of the Dungeon.
             The game lasted 00:09:02 (697 turns).

redmage the Chiller (Meteoran Ice Elementalist)      Turns: 697, Time: 00:09:02

Health: 0/45       AC: 10    Str:  9    XL:     6   Next: 55%
Magic:  13/13      EV: 12    Int: 18    God:
Gold:   64         SH:  0    Dex: 16    Spells: 5/13 levels left

rFire   . . .        (no weapon)
rCold   . . .        (no shield)
rNeg    . . .        a - +0 robe
rPois   .            g - +0 helmet
rElec   .            (no cloak)
rCorr   .            (no gloves)
SInv    .            (no boots)
Will    .....        (no amulet)
Stlth   +            (no ring)
HPRegen 0.27/turn    (no ring)
MPRegen 0.13/turn

%: no passive effects
@: ice-armoured, attractive, glowing
A: sense surroundings 1, otherworldly, glowing, explore regen
a: no special abilities


You were on level 5 of the Dungeon.
You visited 1 branch of the dungeon, and saw 5 of its levels.

You collected 64 gold pieces.

Inventory:

Missiles
 d - 2 poisoned darts (quivered)
Armour
 a - a +0 robe (worn)
 g - a +0 helmet (worn)
Jewellery
 h - a ring of fire
Potions
 c - a potion of might
 k - 2 potions of brilliance {unknown}
 l - a potion of lignification {unknown}


   Skills:
 - Level 2.4 Dodging
 - Level 1.4 Stealth
 + Level 4.4 Spellcasting
 + Level 2.9 Translocations
 * Level 6.4 Ice Magic


You had 5 spell levels left.
You knew the following spells:

 Your Spells              Type           Power      Damage    Failure   Level
a - Freeze                Ice            100%       1d10      1%          1
b - Frozen Ramparts       Ice            54%        1d9       3%          3
c - Ozocubu's Armour      Ice            27%        N/A       3%          3
z - Apportation           Tloc           28%        N/A       4%          1

Your spell library contained the following spells:

 Spells                   Type           Power      Damage    Failure   Level
 Summon Ice Beast         Ice/Summ       15%        N/A       36%         4
 Alistair's Intoxication  Tmut/Pois      2%         N/A       98%         5


Dungeon Overview and Level Annotations

Branches:
Dungeon (5/15) Zot: 2298
 Temple: D:4-7

Altars:
Dithmenos
Hepliaklqana

Shops:
D:5 ([

Annotations:
D:5 Menkaure


Innate Abilities, Weirdness & Mutations

You passively map a small area around you.
You are easily found by Zot.
You glow in the dark.
You regain HP and MP as you explore.


Message History

Unknown command.
Casting: Ozocubu's Armour (dangerous; 3% risk of failure)
Confirm with . or Enter, or press ? or * to list all spells.
Aiming: Freeze (safe; 1% risk of failure)
Press: ? - help, Shift-Dir - straight line, f - Menkaure
Aim: Menkaure You freeze Menkaure.
Menkaure resists.
Menkaure is moderately damaged.
Menkaure resists.
The wall freezes Menkaure.
Menkaure hits you!
* * * LOW HITPOINT WARNING * * *
Unknown command.
Casting: Freeze (safe; 1% risk of failure)
Confirm with . or Enter, or press ? or * to list all spells.
Aiming: Freeze (safe; 1% risk of failure)
Press: ? - help, Shift-Dir - straight line, f/p - Menkaure
Aim: Menkaure (moderately damaged)
You freeze Menkaure.
Menkaure resists.
Menkaure is heavily damaged.
Menkaure resists.
The wall freezes Menkaure.
Menkaure hits you but does no damage.
It was a potion of heal wounds.
You feel much better.
Menkaure resists.
The wall freezes Menkaure.
Menkaure calls on the powers of darkness!
Your body is wracked with pain!
You aren't carrying any items that you can evoke.
You barely miss Menkaure.
Menkaure is severely damaged.
Menkaure resists.
The wall freezes Menkaure.
Menkaure barely misses you.
You hit Menkaure but do no damage.
Menkaure is severely damaged.
You hit Menkaure but do no damage.
Menkaure is severely damaged.
Menkaure resists.
The wall freezes Menkaure.
Menkaure gestures at you while chanting.
You struggle to resist.
You hit Menkaure but do no damage.
Menkaure is almost destroyed.
The frozen ramparts melt away.
Menkaure completely misses you. Magic courses through your body.
Menkaure hits you!
You die...

**,,......#### *********
*,,..........# ***,,,,,,,*
**,..........### **,,,,,,,,,,
**............### *,,,,,,,,,,,
*#.............### *,,,,.,,,,,, *
*##..............###,,.$.,,,,,,
***......#.#........M#.....,,,,,,
*,,,,#....∩.....M##..)((....,,,,,
,,,**##..#.#....@####....$..,,,,,
,,** ##..........# *#......,,,,,
,,* ##.........## *#.....,,,,,
,,* ##.........#***.....,,,,, ,**
#####.........#*,,,....,,,,, **
#...............,,,....,,,,, *
##...............,,,,,,,,,,,,
#.................,,,,,,,,,,,
#...............,,,,,,,,*,,,*


You could see Menkaure.

Vanquished Creatures
  A wyvern (D:5)
  An ogre (D:5)
  Robin (D:3)
  An adder (D:4)
  A worm (D:4)
  An orc (D:4)
  4 ball pythons
  An endoplasm (D:4)
  6 goblins
  4 hobgoblins (D:2)
  A frilled lizard (D:1)
  2 kobolds (D:4)
  A rat (D:1)
25 creatures vanquished.

Vanquished Creatures (others)
  A hobgoblin (D:3)
1 creature vanquished.

Grand Total: 26 creatures vanquished

Notes
Turn   | Place    | Note
-------+----------+-------------------------------------------
     0 | D:1      | redmage the Meteoran Ice Elementalist began the quest for
                  | the Orb.
     0 | D:1      | Reached XP level 1. HP: 14/14 MP: 5/5
   192 | D:2      | Reached XP level 2. HP: 18/20 MP: 1/6
   204 | D:2      | Noticed Robin
   238 | D:1      | Learned a level 1 spell: Apportation
   282 | D:3      | Killed Robin
   283 | D:3      | Reached skill level 5 in Ice Magic
   283 | D:3      | Reached XP level 3. HP: 26/26 MP: 1/8
   345 | D:4      | Learned a level 3 spell: Frozen Ramparts
   349 | D:4      | Learned a level 3 spell: Ozocubu's Armour
   363 | D:4      | Reached skill level 1 in Translocations
   406 | D:5      | Entered Level 5 of the Dungeon
   406 | D:5      | Noticed a water moccasin
   461 | D:4      | Reached XP level 4. HP: 33/33 MP: 6/10
   610 | D:5      | Found Muub's Armour Shoppe.
   621 | D:5      | Noticed a wyvern
   630 | D:5      | Killed a wyvern
   631 | D:5      | Reached skill level 6 in Ice Magic
   631 | D:5      | Reached XP level 5. HP: 18/38 MP: 0/12
   631 | D:5      | Reached XP level 6. HP: 21/45 MP: 0/13
   633 | D:5      | Found a hazy altar of Hepliaklqana.
   633 | D:5      | Found a shadowy altar of Dithmenos.
   656 | D:5      | Found Utrah's Antique Weapon Shop.
   672 | D:5      | Noticed Menkaure
   676 | D:5      | Noticed an ogre
   680 | D:5      | Killed an ogre
   697 | D:5      | Slain by Menkaure

Illustrated notes

Levels and vault maps discovered:
D:1:      matt_arrival_los_fun, layout_rooms, serial_co_window_serial,
          co_window_of_opportunity_a, co_window_paths_b, co_window_corner_a,
          co_window_paths_a, co_window_corner_a, co_window_of_opportunity_b,
          co_window_broadway_b, co_window_corner_b, co_window_broadway_c,
          co_window_2corner, co_window_paths_c, co_window_2corner,
          chequers_ecumenical_altar_grove, st_stairs_5
D:2:      layout_loops_cross, uniq_robin
D:3:      layout_loops_corners, grunt_temple_overflow_holy_war
D:4:      layout_basic
D:5:      layout_cave_pods, riverfiend_overflow_shadow_ancestor,
          gammafunk_ghost_split, serial_shops, nicolae_shop_crystal,
          nicolae_take_the_stairs, kennysheep_generic_room_11, uniq_menkaure

Skill      XL: |  1  2  3  4 |
---------------+-------------+-----
Spellcasting   | 3 4 |  4.4
Ice Magic      | 5 6 |  6.4
Translocations | 1 2 |  2.9
Dodging        | |  2.4
Stealth        | |  1.4

Action                     |  1- 3 |  4- 6 || total
---------------------------+-------+-------++-------
  Melee: Unarmed           |     5 |     5 ||    10
  Throw: Dart              |       |     3 ||     3
   Cast: Freeze            |    23 |     8 ||    31
         Frozen Ramparts   |     2 |     5 ||     7
         Ozocubu's Armour  |       |     5 ||     5
    Use: Scroll            |       |     2 ||     2
         Potion            |       |     3 ||     3
 Armour: Robe              |     4 |     2 ||     6
  Dodge: Dodged            |    24 |     8 ||    32
